 Dungeon Crawl Stone Soup version 0.30-a0-223-gcb0039aa0c (webtiles) character file.

Game seed: 6141813033642322728

226 ReploidZero the Gusty (level 6, -3/32 HPs)
             Began as a Tengu Air Elementalist on Oct 9, 2022.
             Slain by Sigmund the killer bee (7 damage)
             ... on level 3 of the Dungeon.
             The game lasted 00:11:10 (3880 turns).

ReploidZero the Gusty (Tengu Air Elementalist)      Turns: 3880, Time: 00:11:10

Health: -3/32      AC:  3    Str:  9    XL:     6   Next: 1%
Magic:  6/12       EV: 14    Int: 17    God:
Gold:   163        SH:  0    Dex: 14    Spells: 9/12 levels left

rFire   + . .      SeeInvis .    h - +0 dagger
rCold   . . .      Faith    .    (no shield)
rNeg    . . .      Spirit   .    a - +0 robe
rPois   .          Reflect  .    (helmet restricted)
rElec   .          Harm     .    (no cloak)
rCorr   .          Rampage  .    f - +0 pair of gloves
Will    +....                    (boots unavailable)
Stlth   ++........               (no amulet)
HPRegen 0.25/turn                g - ring of willpower
MPRegen 0.13/turn                s - ring of protection from fire

@: lethally poisoned (-3 -> -5), flying quickly and evasively, very slightly
contaminated, quick
A: beak, talons 3, nimble flight
a: no special abilities


You were on level 3 of the Dungeon.
You visited 1 branch of the dungeon, and saw 4 of its levels.

You collected 163 gold pieces.

Inventory:

Hand Weapons
 h - a +0 dagger (weapon)
Missiles
 k - 8 poisoned darts
Armour
 a - a +0 robe (worn)
 f - a +0 pair of gloves (worn)
Jewellery
 g - a ring of willpower (left hand)
 s - a ring of protection from fire (right hand)
Wands
 q - a wand of polymorph (9)
 r - a wand of charming (8)
Scrolls
 d - a scroll of vulnerability {unknown}
 j - a scroll of butterflies
 t - a scroll of identify
Potions
 b - a potion of magic
 c - 2 potions of berserk rage {unknown}
 e - 2 potions of flight {unknown}
 i - 3 potions of mutation {unknown}
 l - 2 potions of cancellation {unknown}
 m - 2 potions of might {unknown}
 n - 3 potions of curing {unknown}
 o - a potion of brilliance {unknown}
 p - a potion of degeneration {unknown}


   Skills:
 - Level 2.1 Dodging
 - Level 2.0 Stealth
 + Level 3.5 Spellcasting
 + Level 4.4 Conjurations
 + Level 5.9 Air Magic


You had 9 spell levels left.
You knew the following spells:

 Your Spells              Type           Power      Damage    Failure   Level
a - Shock                 Conj/Air       80%        1d8       1%          1
b - Static Discharge      Conj/Air       40%        2-4/arc   3%          2

Your spell library contained the following spells:

 Spells                   Type           Power      Damage    Failure   Level
 Swiftness                Air            23%        N/A       4%          3
 Airstrike                Air            11%        2d(2-18)  14%         4
 Apportation              Tloc           6%         N/A       17%         1
 Beastly Appendage        Tmut           6%         N/A       17%         1
 Wereblood                Tmut           3%         N/A       26%         2
 Spider Form              Tmut/Pois      3%         N/A       45%         3
 Alistair's Intoxication  Tmut/Pois      2%         N/A       99%         5


Dungeon Overview and Level Annotations

Branches:
Dungeon (4/15)             Temple (0/1) D:4

Altars:
Uskayaw

Annotations:
D:3 Sigmund


Innate Abilities, Weirdness & Mutations

You have a beak for a mouth.
You have claws for feet.
Your magical nature lets you fly swiftly and evasively.


Message History

Aiming: Polymorph
Press: ? - help, Shift-Dir - straight line, f/p - Sigmund
Aim: Sigmund, wielding a +0 scythe and wearing a +0 robe (will become a quokka, a killer bee, or a howler monkey, chance to affect: 57%) Sigmund evaporates and reforms as a killer bee!
Unknown command.
Casting: Shock (safe; 1% risk of failure)
Confirm with . or Enter, or press ? or * to list all spells.
Okay, then.
Unknown command.
Casting: Shock (safe; 1% risk of failure)
Confirm with . or Enter, or press ? or * to list all spells.
Sigmund is struck by an arc of lightning.
Sigmund is moderately wounded.
You are struck by an arc of lightning.
Sigmund is struck by an arc of lightning.
Sigmund is heavily wounded.
You are struck by an arc of lightning.
The lightning grounds out.
Sigmund misses you. Sigmund stings you!
You are poisoned.
Sigmund poisons you!
Unknown command.
Casting: Static Discharge (safe; 3% risk of failure)
Confirm with . or Enter, or press ? or * to list all spells.
You miscast Static Discharge.
You are very lightly contaminated with residual magic.
Nothing appears to happen.
You feel sick. Sigmund stings you! Sigmund closely misses you.
Unknown command.
Unknown command.
Casting: Static Discharge (safe; 3% risk of failure)
Confirm with . or Enter, or press ? or * to list all spells.
Sigmund is struck by an arc of lightning.
Sigmund is severely wounded.
You are struck by an arc of lightning.
Sigmund is struck by an arc of lightning.
Sigmund is almost dead.
The lightning grounds out.
You feel sick. Sigmund stings you!
* * * LOW HITPOINT WARNING * * *
Sigmund stings you!
You die...

###...##..#.####.#............###
#.)..........#.................
#..###..#.##.#.##.@....@.......
#..# #..#.##.#.##.#....#####.#.
#[.# #.......).##.####.# #.#.
#..# #.##.##...##.# #.#####.#.
#..# #.#.#......#.####.......#.
###..# #........).)...##..######.
.....# #.####..[@y~~~.##..# #)
.##.#####.###.....~_~..#..# #.
...........#......~~~.....# #.
.###.######.###.#.....##..######.
.# #.# ### #.###..###......... .#
#.# #.......##......... .# #.#
#######.##..######. ## ###
#............ ####..#######


You could see Sigmund the killer bee.

Vanquished Creatures
  A scorpion (D:3)
  Jessica (D:2)
  Ijyb (D:3)
  3 gnolls
  4 adders
  A worm (D:3)
  A dart slug (D:1)
  3 orcs
  2 ball pythons
  3 endoplasms (D:2)
  9 goblins
  3 hobgoblins
  4 kobolds
  8 bats
  2 frilled lizards
  3 rats
49 creatures vanquished.

Vanquished Creatures (others)
  A plant (D:1)
1 creature vanquished.

Grand Total: 50 creatures vanquished

Notes
Turn   | Place    | Note
-------+----------+-------------------------------------------
     0 | D:1      | ReploidZero the Tengu Air Elementalist began the quest for
                  | the Orb.
     0 | D:1      | Reached XP level 1. HP: 10/10 MP: 4/4
   510 | D:1      | Reached XP level 2. HP: 15/15 MP: 4/6
   986 | D:1      | Learned a level 2 spell: Static Discharge
  1150 | D:2      | Reached XP level 3. HP: 2/19 MP: 1/7
  1152 | D:2      | HP: 1/28 [poisoned by an adder]
  1279 | D:2      | Noticed Jessica
  1298 | D:2      | Killed Jessica
  1325 | D:1      | Reached skill level 5 in Air Magic
  1325 | D:1      | Reached XP level 4. HP: 24/24 MP: 0/9
  2282 | D:3      | Found a faded altar of an unknown god.
  2395 | D:3      | Noticed Sigmund
  2643 | D:3      | Gained mutation: Your magical nature lets you fly swiftly
                  | and evasively. [Tengu growth]
  2643 | D:3      | Reached XP level 5. HP: 10/28 MP: 7/10
  2780 | D:3      | Found a hide-covered altar of Uskayaw.
  2813 | D:3      | Noticed Ijyb
  2821 | D:3      | Killed Ijyb
  3685 | D:4      | Found a staircase to the Ecumenical Temple.
  3704 | D:4      | Reached XP level 6. HP: 32/32 MP: 10/12
  3877 | D:3      | Sigmund changed into Sigmund the killer bee
  3877 | D:3      | Noticed Sigmund
  3880 | D:3      | Slain by Sigmund the killer bee

Illustrated notes

Levels and vault maps discovered:
D:1:      evilmike_arrival_hilbert_curve, layout_loops_ring,
          serial_bayou_lagoon_a
D:2:      layout_basic, uniq_jessica
D:3:      layout_loops_ring, mainiacjoe_overflow_surrounded_room,
          hellmonk_ecumenical_altar_pennies_from_heaven,
          uniq_crazy_yiuf_cottage, uniq_ijyb, uniq_sigmund
D:4:      layout_cave_pools, minmay_temple_entry_drinking_statues,
          saegor_snake_ambush

Skill      XL: |  1  2  3  4  5 |
---------------+----------------+-----
Conjurations   | 2 3 4 |  4.4
Air Magic      | 5 |  5.9
Spellcasting   | 3 |  3.5
Dodging        | |  2.1
Stealth        | |  2.0

Action                   |  1- 3 |  4- 6 || total
-------------------------+-------+-------++-------
Melee: Unarmed           |     2 |       ||     2
       Dagger            |    25 |    28 ||    53
       Kick              |     3 |     6 ||     9
       Peck              |     1 |     3 ||     4
       Punch             |     1 |       ||     1
 Cast: Shock             |    34 |    39 ||    73
       Static Discharge  |     2 |    22 ||    24
Evoke: Wand              |       |     2 ||     2
  Use: Potion            |     3 |     1 ||     4
       Scroll            |       |     6 ||     6
 Stab: Sleeping          |       |     2 ||     2
Armor: Robe              |     6 |     9 ||    15
       Skin              |    12 |       ||    12
Dodge: Dodged            |    23 |    36 ||    59

Table legend: (Time is in decaauts)
 A = Elapsed time spent in this place.
 B = Non-inter-level travel time spent in this place.
 C = Inter-level travel time spent in this place.
 D = Time resting spent in this place.
 E = Time spent auto-exploring this place.
 F = Levels seen in this place.
 G = Mean time per level.
                   A        B        C        D        E       F      G
               +--------+--------+--------+--------+--------+-----+--------+
         Total |   3813 |   3621 |    192 |     80 |   3031 |   4 |  953.2 |
       Dungeon |   3813 |   3621 |    192 |     80 |   3031 |   4 |  953.2 |
               +--------+--------+--------+--------+--------+-----+--------+

Top non-repeatable levels by time:
     D:1: 1289 daAuts
     D:3: 1239 daAuts
     D:2: 1083 daAuts
     D:4: 200 daAuts
